 Dungeon Sprint DCSS version 0.30-a0-605-gb2882149bf (webtiles) character file.

Game seed: 3123908215193755929

2629 mhtbhm the Brawler (level 9, -8/96 HPs)
             Began as a Troll Transmuter on Jan 7, 2023.
             Was an Initiate of Gozag.
             Mangled by a tentacle (23 damage)
             ... attached to a kraken
             ... in the Dungeon (Sprint II: "The Violet Keep of Menkaure").
             The game lasted 00:02:39 (571 turns).

mhtbhm the Brawler (Troll Transmuter)                Turns: 571, Time: 00:02:40

Health: -8/96      AC:  6    Str: 24    XL:     9   Next: 35%
Magic:  15/17      EV: 11    Int:  9    God:    Gozag
Gold:   593        SH:  0    Dex: 10    Spells: 11/21 levels left

rFire   . . .      SeeInvis .      - Unarmed
rCold   + + +      Faith    .    (shield currently unavailable)
rNeg    . . .      Spirit   .    (body armour currently unavailable)
rPois   +          Reflect  .    (helmet currently unavailable)
rElec   .          Harm     .    (cloak currently unavailable)
rCorr   .          Rampage  .    (gloves unavailable)
Will    .....      NoTele   +    (boots unavailable)
Stlth   +                        (no amulet)
HPRegen 1.16/turn                i - ring of protection from fire
MPRegen 0.15/turn                (no ring)

@: ice-form, wereblooded (expiring)
A: freezing attack, amphibious, boosted hp, large, unfitting armour, (claws 3),
regeneration 1, (shaggy fur 1), (tough skin 1)
a: End Transformation, Renounce Religion, Potion Petition, Call Merchant, Bribe
Branch


You were in the Dungeon.
You worshipped Gozag.
Gozag was pleased with you.
You were a creature of crystalline ice.
You visited 1 branch You collected 1053 gold pieces.
You spent 460 gold pieces at shops.

Inventory:

Armour
 a - a +0 robe (melded)
Jewellery
 i - a ring of protection from fire (left front paw)
Scrolls
 h - a scroll of blinking
Potions
 b - a potion of lignification
 e - a potion of haste
 f - 2 potions of magic
 g - 2 potions of berserk rage


   Skills:
 + Level 2.4 Fighting
 + Level 6.3 Dodging
 + Level 0.3 Stealth
 + Level 15.2 Unarmed Combat
 + Level 6.5 Spellcasting
 + Level 6.5 Transmutations
 + Level 2.3 Ice Magic
 + Level 1.1 Poison Magic


You had 11 spell levels left.
You knew the following spells:

 Your Spells              Type           Power      Damage    Failure   Level
a - Beastly Appendage     Tmut           28%        N/A       1%          1
b - Wereblood             Tmut           14%        N/A       2%          2
c - Spider Form           Tmut/Pois      9%         N/A       13%         3
d - Ice Form              Ice/Tmut       10%        N/A       34%         4

Your spell library contained the following spells:

 Spells                   Type           Power      Damage    Failure   Level


Dungeon Overview and Level Annotations

Branches:
Dungeon (1/1)

Altars:
Cheibriados
Dithmenos
Elyvilon
Fedhas
Gozag
Hepliaklqana
Kikubaaqudgha
Makhleb
Nemelex Xobeh
Okawaru
Qazlal
Ru
Sif Muna
Trog
Uskayaw
Vehumet
Wu Jian
Xom
Yredelemnul
Zin
The Shining One
Jiyva
Lugonu

Shops:
D :=[!!=:?(*(=[([

Annotations:
D exclusion: oklob plant, Roxanne


Innate Abilities, Weirdness & Mutations

You are a creature of crystalline ice.
You have a powerful freezing melee attack.
You are amphibious.
Your maximum health is increased.
Your armour is entirely melded.
You are incapable of wielding weapons or throwing items.
You are too large for most types of armour.
((You have claws for hands.))
Your natural rate of healing is unusually fast.
((You are covered in fur. (AC +1)))
((You have tough skin. (AC +1)))


Message History

You are too injured to fight recklessly!
You are too injured to fight recklessly!
You are too injured to fight recklessly!
You are too injured to fight recklessly!
You are too injured to fight recklessly!
You are too injured to fight recklessly!
You are too injured to fight recklessly!
You are too injured to fight recklessly!
You are too injured to fight recklessly!
You are too injured to fight recklessly!
You pummel the tentacle!! You freeze the tentacle.
You kill the tentacle!
You pummel the tentacle!! You freeze the tentacle!
You kill the tentacle!
You punch the tentacle! You freeze the tentacle.
The tentacle is heavily wounded.
The tentacle slaps you!!
* * * LOW HITPOINT WARNING * * *
Tentacles burst out of the water!
You feel much better. The tentacle slaps you!
The tentacle slaps you but does no damage.
You punch the tentacle! You freeze the tentacle.
The tentacle is almost dead.
The tentacle slaps you but does no damage.
You punch the tentacle! You freeze the tentacle.
You kill the tentacle!
Your primal bloodlust is almost over.
The kraken squirts a massive cloud of ink into the water!
You punch the tentacle! You freeze the tentacle.
The tentacle is moderately wounded.
The tentacle closely misses you. The tentacle slaps you!!
* * * LOW HITPOINT WARNING * * *
You feel much better.
A tentacle rises from the water!
The tentacle slaps you.
You punch the tentacle! You freeze the tentacle.
The tentacle is heavily wounded.
The tentacle slaps you!!
* * * LOW HITPOINT WARNING * * *
The tentacle slaps you!!
You die...
Your body crumbles into a pile of gold.

#. $$ $ +.###
)▓$)$:(!!?▓▓
...####▓!!$!?[$?▓▓ $
#..##.#▓)(!??)$?▓▓ $
+.^#..#▓[[$!$[!)▓▓ $
#..#).#▓$$!!![=[▓▓
###..##†#▓?()$?$!$▓▓ $
.###...##▓▓▓▓▓▓▓+▓▓▓▓+▓
.§.~~~~~~~~~~$§§YwwXw≈▓
$$ $
§..~#'########'###V§w≈▓
$ $ ~§.~#._._._..#§~§#
§§≈▓ $
§~÷~#.._._._.#§§§§# ##▓
~~~~#._._._._#~§§~≈# $$
$$ ≈§~~#_._._._.#~§~≈≈≈
$ $
≈§≈~#._._._..#§~§~~≈+$$
$$
##§≈#_._._...#~§§§≈§#$
$ #§§#._._....#~~ $$ $$


You could see a kraken and 4 tentacles.

Vanquished Creatures
  A merfolk siren (D)
  A yaktaur (D)
  A hornet (D)
  3 polar bears (D)
  4 neqoxecs (D)
  4 water moccasins (D)
  5 scorpions (D)
  3 worms (D)
  4 tentacles (D)
26 creatures vanquished.

Vanquished Creatures (others)
  Menkaure (D)
  A water moccasin (D)
  3 tentacles (D)
5 creatures vanquished.

Grand Total: 31 creatures vanquished

Notes
Turn   | Place    | Note
-------+----------+-------------------------------------------
     0 | D        | mhtbhm the Troll Transmuter began the quest for the Orb.
     0 | D        | Reached XP level 1. HP: 18/18 MP: 1/1
     2 | D        | Noticed a scorpion
     2 | D        | Noticed a scorpion
    20 | D        | Killed a scorpion
    21 | D        | Reached skill level 6 in Unarmed Combat
    21 | D        | Reached XP level 2. HP: 26/26 MP: 0/4
    21 | D        | Reached XP level 3. HP: 32/32 MP: 0/5
    22 | D        | Noticed a scorpion
    22 | D        | Noticed a scorpion
    23 | D        | Killed a scorpion
    24 | D        | Reached skill level 7 in Unarmed Combat
    24 | D        | Reached XP level 4. HP: 32/40 MP: 0/7
    25 | D        | Killed a scorpion
    26 | D        | Reached skill level 8 in Unarmed Combat
    26 | D        | Reached XP level 5. HP: 29/46 MP: 0/8
    28 | D        | Reached skill level 9 in Unarmed Combat
    34 | D        | Learned a level 2 spell: Wereblood
    38 | D        | Learned a level 3 spell: Spider Form
    43 | D        | Learned a level 4 spell: Ice Form
   101 | D        | Killed Menkaure
   120 | D        | Noticed a neqoxec
   120 | D        | Noticed a neqoxec
   120 | D        | Noticed a neqoxec
   120 | D        | Noticed a neqoxec
   124 | D        | Killed a neqoxec
   125 | D        | Reached skill level 1 in Fighting
   125 | D        | Reached skill level 10 in Unarmed Combat
   125 | D        | Reached XP level 6. HP: 55/55 MP: 3/11
   129 | D        | Killed a neqoxec
   130 | D        | Reached skill level 11 in Unarmed Combat
   133 | D        | Killed a neqoxec
   134 | D        | Reached skill level 5 in Dodging
   134 | D        | Reached XP level 7. HP: 62/62 MP: 4/12
   138 | D        | Killed a neqoxec
   139 | D        | Reached skill level 12 in Unarmed Combat
   206 | D        | Noticed a merfolk siren
   210 | D        | Killed a merfolk siren
   211 | D        | Reached skill level 13 in Unarmed Combat
   211 | D        | Reached skill level 5 in Spellcasting
   211 | D        | Reached skill level 5 in Transmutations
   211 | D        | Reached XP level 8. HP: 70/70 MP: 7/14
   224 | D        | Noticed Roxanne
   233 | D        | Found Oriunlut's Antique Armour Emporium.
   234 | D        | Found Kimmitzo's Armour Shoppe.
   235 | D        | Found Atsu's General Store.
   235 | D        | Found Elaufruw's Antique Weapon Emporium.
   235 | D        | Found Okhapness's Magic Scroll Shoppe.
   286 | D        | Found Bied's Jewellery Shoppe.
   286 | D        | Found Lank's Book Emporium.
   287 | D        | Found Cepton's Distillery.
   287 | D        | Found Idig's Distillery.
   287 | D        | Found Gytadoet's Antique Weapon Shoppe.
   287 | D        | Found Viropn's Weapon Emporium.
   288 | D        | Found Zumed's Antique Armour Shoppe.
   288 | D        | Found Zoxtompe's Jewellery Emporium.
   289 | D        | Found Zulem's Jewellery Emporium.
   298 | D        | Identified the +0 ring mail of Resilience {Str+3}
   314 | D        | Noticed an oklob plant
   315 | D        | Found Xecicip's Book Shoppe.
   340 | D        | Bought a potion of heal wounds for 70 gold pieces
   340 | D        | Bought a potion of heal wounds for 70 gold pieces
   340 | D        | Bought a potion of berserk rage for 70 gold pieces
   346 | D        | Noticed a flying skull
   354 | D        | Bought a ring of protection from fire for 250 gold pieces
   380 | D        | Found a glowing silver altar of Zin.
   381 | D        | Found a glowing golden altar of the Shining One.
   381 | D        | Found a basalt altar of Yredelemnul.
   381 | D        | Found a hide-covered altar of Uskayaw.
   382 | D        | Found a shimmering altar of Xom.
   382 | D        | Found a bloodstained altar of Trog.
   383 | D        | Found an ornate altar of the Wu Jian Council.
   383 | D        | Found a shimmering blue altar of Sif Muna.
   383 | D        | Found a corrupted altar of Lugonu.
   383 | D        | Found a radiant altar of Vehumet.
   383 | D        | Found a burning altar of Makhleb.
   384 | D        | Found a sacrificial altar of Ru.
   384 | D        | Found an ancient bone altar of Kikubaaqudgha.
   384 | D        | Found a white marble altar of Elyvilon.
   385 | D        | Found a stormy altar of Qazlal.
   385 | D        | Found a viscous altar of Jiyva.
   385 | D        | Found a shadowy altar of Dithmenos.
   386 | D        | Found a hazy altar of Hepliaklqana.
   386 | D        | Found a snail-covered altar of Cheibriados.
   449 | D        | Noticed a yaktaur
   449 | D        | Noticed a hornet
   449 | D        | Noticed a polar bear
   449 | D        | Noticed a polar bear
   454 | D        | Killed a polar bear
   454 | D        | Noticed a polar bear
   455 | D        | Reached skill level 1 in Ice Magic
   457 | D        | Killed a polar bear
   458 | D        | Reached skill level 14 in Unarmed Combat
   461 | D        | Killed a polar bear
   469 | D        | Killed a hornet
   470 | D        | Reached skill level 1 in Poison Magic
   470 | D        | Reached XP level 9. HP: 53/79 MP: 12/17
   473 | D        | Killed a yaktaur
   512 | D        | Found a sparkling altar of Nemelex Xobeh.
   512 | D        | Found a blossoming altar of Fedhas.
   513 | D        | Found an opulent altar of Gozag.
   513 | D        | Found an iron altar of Okawaru.
   524 | D        | Became a worshipper of Gozag Ym Sagoz the Greedy
   545 | D        | Noticed a kraken
   553 | D        | Reached skill level 15 in Unarmed Combat
   571 | D        | Mangled by a tentacle

Illustrated notes

Levels and vault maps discovered:
D:        the_violet_keep_of_menkaure [sprint2_stairs_cluster_1,
          sprint2_shoproom, sprint2_temple, sprint2_basic_supplies,
          sprint2_obstacle_6, sprint2_obstacle_2, sprint2_obstacle_3,
          sprint2_obstacle_1, sprint2_obstacle_5, sprint2_timed_cluster_1,
          sprint2_smallroom_cluster_1, sprint2_smallroom_final_cluster_1,
          sprint2_transparent_cluster_1, sprint2_second_timed_cluster_1,
          sprint2_sniper_area_1, sprint2_heavy_combat_area_1,
          sprint2_mutation_trap_area_1, sprint2_forest_area_1,
          sprint2_light_combat_area_1, sprint2_behind_water_1,
          sprint2_near_end_vault_1]

Skill      XL: |  1  2  3  4  5  6  7  8  9 |
---------------+----------------------------+-----
Dodging        | 2 3 4 5 6 |  6.3
Unarmed Combat | 6 7 8 10 11 13 14 15 | 15.2
Spellcasting   | 2 3 4 5 6 |  6.5
Transmutations | 2 3 4 5 6 |  6.5
Fighting       | 1 2 |  2.4
Ice Magic      | 1 2 |  2.3
Poison Magic   | 1 |  1.1
Stealth        | |  0.3

Action                   |  1- 3 |  4- 6 |  7- 9 || total
-------------------------+-------+-------+-------++-------
Melee: Unarmed           |     5 |    17 |    54 ||    76
       Kick              |     1 |     1 |       ||     2
       Punch             |       |     1 |       ||     1
 Cast: Beastly Appendage |     1 |       |       ||     1
       Wereblood         |       |     1 |     4 ||     5
       Spider Form       |       |     1 |       ||     1
       Ice Form          |       |       |     4 ||     4
  Use: Potion            |       |       |     4 ||     4
Armor: Robe              |     3 |       |       ||     3
       Skin              |       |       |     3 ||     3
Dodge: Dodged            |     1 |     7 |    30 ||    38

Table legend: (Time is in decaauts)
 A = Elapsed time spent in this place.
 B = Non-inter-level travel time spent in this place.
 C = Inter-level travel time spent in this place.
 D = Time resting spent in this place.
 E = Time spent auto-exploring this place.
 F = Levels seen in this place.
 G = Mean time per level.
                   A        B        C        D        E       F      G
               +--------+--------+--------+--------+--------+-----+--------+
         Total |    555 |    555 |      0 |    242 |      0 |   1 |  555.0 |
       Dungeon |    555 |    555 |      0 |    242 |      0 |   1 |  555.0 |
               +--------+--------+--------+--------+--------+-----+--------+

Top non-repeatable levels by time:
       D: 555 daAuts
